 Dungeon Crawl Stone Soup version 0.32-a0-656-g3542139ebd (webtiles) character file.

Game seed: 14274481826216892017

753 Malificent the Shooter (level 7, 0/56 HPs)
             Began as a Gnoll Wanderer on Mar 8, 2024.
             Was a Priest of Elyvilon.
             Slain by Grinder (1 damage)
             ... while paralysed by Grinder
             ... on level 4 of the Dungeon.
             The game lasted 00:12:35 (2657 turns).

Malificent the Shooter (Gnoll Wanderer)             Turns: 2657, Time: 00:12:36

Health: 0/56       AC:  4    Str:  9    XL:     7   Next: 78%
Magic:  15/15      EV:  2    Int: 13    God:    Elyvilon [***...]
Gold:   16         SH:  0    Dex: 20    Spells: 16/17 levels left

rFire   . . .        a - +3 sling
rCold   . . .        (no shield)
rNeg    . . .        d - +0 robe
rPois   .            b - +0 helmet
rElec   .            (no cloak)
rCorr   .            (no gloves)
SInv    .            h - +0 pair of boots
Will    .....        (no amulet)
Stlth   +++          m - +4 ring of slaying
HPRegen 0.29/turn    n - +6 ring of dexterity
MPRegen 0.14/turn

%: no passive effects
@: paralysed
A: fangs 1, strong nose, distributed training
a: Renounce Religion, Purification, Heal Other, Heal Self


You were on level 4 of the Dungeon.
You worshipped Elyvilon.
Elyvilon was most pleased with you.
You visited 1 branch of the dungeon, and saw 4 of its levels.

You collected 186 gold pieces.
You spent 170 gold pieces at shops.

Inventory:

Hand Weapons
 a - a +3 sling (weapon)
 v - a +0 shortbow
Missiles
 l - a poisoned dart
Armour
 b - a +0 helmet (worn)
 d - a +0 robe (worn)
 h - a +0 pair of boots (worn)
Jewellery
 m - a +4 ring of slaying (left hand)
 n - a +6 ring of dexterity (right hand)
 s - a +4 ring of protection
Wands
 f - a wand of roots (13)
Scrolls
 g - 2 scrolls of enchant weapon
 j - a scroll of immolation
 p - a scroll of enchant armour {unknown}
 u - a scroll of fog
 w - a scroll of blinking {unknown}
Potions
 c - a potion of brilliance
 e - 3 potions of curing
 i - a potion of invisibility
 k - a potion of attraction {unknown}
 o - a potion of resistance {unknown}
 q - a potion of mutation {unknown}
 r - a potion of enlightenment
 t - a potion of cancellation


   Skills:
 + Level 5.4 Fighting
 + Level 2.8 Short Blades
 + Level 2.8 Long Blades
 + Level 2.8 Axes
 + Level 2.8 Maces & Flails
 + Level 2.8 Polearms
 + Level 2.8 Staves
 + Level 7.2 Ranged Weapons
 + Level 2.8 Throwing
 + Level 3.9 Armour
 + Level 3.9 Dodging
 + Level 3.7 Stealth
 + Level 2.8 Shields
 + Level 2.8 Unarmed Combat
 + Level 5.8 Spellcasting
 + Level 2.3 Conjurations
 + Level 2.3 Hexes
 + Level 2.3 Summonings
 + Level 2.3 Necromancy
 + Level 2.3 Translocations
 + Level 2.3 Fire Magic
 + Level 2.3 Ice Magic
 + Level 2.3 Air Magic
 + Level 2.3 Earth Magic
 + Level 2.3 Alchemy
 + Level 3.1 Invocations
 + Level 2.8 Evocations
 + Level 2.5 Shapeshifting


You had 16 spell levels left.
You knew the following spells:

 Your Spells              Type           Power      Damage    Failure   Level
a - Slow                  Hex            36%        N/A       7%          1

Your spell library contained the following spells:

 Spells                   Type           Power      Damage    Failure   Level
 Confusing Touch          Hex            9%         N/A       21%         3
 Stone Arrow              Conj/Erth      18%        3d8       21%         3
 Animate Armour           Summ/Erth      18%        N/A       54%         4
 Lehudib's Crystal Spear  Conj/Erth      4%         10d3      100%        8


Dungeon Overview and Level Annotations

Branches:
Dungeon (4/15)
 Temple: D:4-7

Altars:
Elyvilon
Nemelex Xobeh

Shops:
D:4 *!

Annotations:
D:4 Grinder


Innate Abilities, Weirdness & Mutations

You have very sharp teeth.
Your uncanny sense of smell can sniff out nearby items.
Your experience applies equally to all skills.


Message History

w - a scroll labelled EHOIHO UREAL
Found an escape hatch in the floor.
Found a stone staircase leading up.
Grinder comes into view.
Found a shiny fluorescent wand.
a - a +3 sling (weapon)
You shoot a sling bullet. The sling bullet hits Grinder!
Grinder shouts!
Grinder is moderately wounded.
You shoot a sling bullet.
The sling bullet completely misses Grinder.
Grinder says, "Make like a tree!"
You shoot a sling bullet. The sling bullet hits Grinder!
Grinder is severely wounded.
You shoot a sling bullet. The sling bullet hits Grinder!
Grinder is almost dead.
Grinder gestures at you. Pain shoots through your body!
You shoot a sling bullet.
The sling bullet closely misses Grinder.
You shoot a sling bullet.
The sling bullet closely misses Grinder.
Grinder barely misses you.
You shoot a sling bullet.
The sling bullet closely misses Grinder.
Grinder gestures at you.
You suddenly lose the ability to move!
Grinder hits you!
You writhe in agony.
Grinder hits you.
You writhe in agony.
Grinder gestures at you. Pain shoots through your body!
* * * LOW HITPOINT WARNING * * *
Grinder hits you.
* * * LOW HITPOINT WARNING * * *
You writhe in agony.
* * * LOW HITPOINT WARNING * * *
Grinder hits you.
* * * LOW HITPOINT WARNING * * *
You writhe in agony.
You die...
Grinder says, "Now the real fun starts!"

#### #......# ...#
##########......# .###
#........#......# ##
#........#...<..# ##
#........#......# .###
#........#.>./..# ...#
#........#.5....#
##.####........#@#
#..##.........#.#
##............#.#
####..........#.#
##...........###.#########
...###.#####......##.....##
..##.....###..............##
.†.#.#...##................#
.....#...##................#


You could see Grinder.

Vanquished Creatures
  An ice beast (D:4)
  A centaur (D:4)
  A scorpion (D:4)
  A hound (D:2)
  2 sleepcaps
  A jelly (D:4)
  An orc priest (D:4)
  4 orc wizards
  Ijyb (D:3)
  Robin (D:3)
  5 gnolls
  8 adders
  4 dart slugs
  A ribbon worm (D:4)
  7 orcs
  4 ball pythons
  8 endoplasms
  4 giant cockroaches
  13 goblins
  11 hobgoblins
  9 jackals
  4 kobolds
  3 quokkas
  5 bats (D:1)
  A frilled lizard (D:2)
  2 rats (D:2)
103 creatures vanquished.

Vanquished Creatures (others)
  An adder (D:3)
  A rat (D:3)
2 creatures vanquished.

Grand Total: 105 creatures vanquished

Notes
Turn   | Place    | Note
-------+----------+-------------------------------------------
     0 | D:1      | Malificent the Gnoll Wanderer began the quest for the Orb.
     0 | D:1      | Malificent set off with the following items: a +2 sling, a
                  | +0 helmet, a potion of brilliance, a +0 robe; and the
                  | following spell memorised: Slow; and the following spells
                  | available to memorise: Confusing Touch.
     0 | D:1      | Reached XP level 1. HP: 20/20 MP: 6/6
   128 | D:1      | Reached XP level 2. HP: 26/26 MP: 7/7
   211 | D:1      | Reached skill level 5 in Spellcasting
   211 | D:1      | Reached XP level 3. HP: 31/31 MP: 7/9
   434 | D:1      | Found a faded altar of an unknown god.
   477 | D:1      | Prayed at the altar of an unknown god.
   477 | D:1      | Became a worshipper of Elyvilon the Healer
   477 | D:1      | Reached * piety under Elyvilon
   578 | D:1      | Reached skill level 1 in Invocations
   691 | D:2      | Reached skill level 1 in Short Blades
   691 | D:2      | Reached skill level 1 in Long Blades
   691 | D:2      | Reached skill level 1 in Axes
   691 | D:2      | Reached skill level 1 in Maces & Flails
   691 | D:2      | Reached skill level 1 in Polearms
   691 | D:2      | Reached skill level 1 in Staves
   691 | D:2      | Reached skill level 1 in Throwing
   691 | D:2      | Reached skill level 1 in Shields
   691 | D:2      | Reached skill level 1 in Unarmed Combat
   691 | D:2      | Reached skill level 1 in Evocations
   707 | D:2      | Reached skill level 1 in Shapeshifting
   707 | D:2      | Reached XP level 4. HP: 35/38 MP: 11/11
   805 | D:2      | Found a sparkling altar of Nemelex Xobeh.
   884 | D:2      | Reached skill level 1 in Conjurations
   884 | D:2      | Reached skill level 1 in Hexes
   884 | D:2      | Reached skill level 1 in Summonings
   884 | D:2      | Reached skill level 1 in Necromancy
   884 | D:2      | Reached skill level 1 in Translocations
   884 | D:2      | Reached skill level 1 in Fire Magic
   884 | D:2      | Reached skill level 1 in Ice Magic
   884 | D:2      | Reached skill level 1 in Air Magic
   884 | D:2      | Reached skill level 1 in Earth Magic
   884 | D:2      | Reached skill level 1 in Alchemy
   888 | D:2      | Reached XP level 5. HP: 29/43 MP: 12/12
  1028 | D:2      | Reached ** piety under Elyvilon
  1484 | D:3      | Reached XP level 6. HP: 23/50 MP: 13/13
  1652 | D:3      | Noticed Ijyb
  1662 | D:3      | Killed Ijyb
  1663 | D:3      | Reached skill level 5 in Fighting
  2025 | D:4      | Noticed Robin
  2111 | D:3      | Killed Robin
  2224 | D:4      | Reached skill level 7 in Ranged Weapons
  2224 | D:4      | Reached XP level 7. HP: 46/56 MP: 15/15
  2300 | D:4      | Found Ycseinel's Distillery.
  2332 | D:4      | Bought a potion of curing for 30 gold pieces
  2332 | D:4      | Bought a potion of enlightenment for 50 gold pieces
  2332 | D:4      | Bought a potion of degeneration for 10 gold pieces
  2332 | D:4      | Bought a potion of cancellation for 80 gold pieces
  2512 | D:4      | Found Gitasoa's Serpentskin Sales.
  2528 | D:4      | Reached *** piety under Elyvilon
  2645 | D:4      | Noticed Grinder
  2653 | D:4      | Paralysed by Grinder for 5 turns
  2657 | D:4      | HP: 1/56 [Grinder (6)]
  2657 | D:4      | Slain by Grinder

Illustrated notes

Levels and vault maps discovered:
D:1:      dpeg_arrival_windows_large_door, layout_loops_ring,
          hellmonk_ecumenical_altar_blasted
D:2:      layout_loops_cross, basic_altar, minmay_vboxes
D:3:      layout_rooms, grunt_ministairs_6, uniq_ijyb
D:4:      minmay_chambers_of_threes, layout_rooms, kennysheep_little_box,
          serial_shops, shop, guppyfry_shop_venom, uniq_robin, uniq_grinder

Skill      XL: |  1  2  3  4  5  6  7 |
---------------+----------------------+-----
Spellcasting   | 5 |  5.8
Invocations    | 1 2 3 |  3.1
Short Blades   | 1 2 |  2.8
Long Blades    | 1 2 |  2.8
Axes           | 1 2 |  2.8
Maces & Flails | 1 2 |  2.8
Polearms       | 1 2 |  2.8
Staves         | 1 2 |  2.8
Throwing       | 1 2 |  2.8
Shields        | 1 2 |  2.8
Unarmed Combat | 1 2 |  2.8
Evocations     | 1 2 |  2.8
Shapeshifting  | 1 2 |  2.5
Conjurations   | 1 2 |  2.3
Hexes          | 1 2 |  2.3
Summonings     | 1 2 |  2.3
Necromancy     | 1 2 |  2.3
Translocations | 1 2 |  2.3
Fire Magic     | 1 2 |  2.3
Ice Magic      | 1 2 |  2.3
Air Magic      | 1 2 |  2.3
Earth Magic    | 1 2 |  2.3
Alchemy        | 1 2 |  2.3
Armour         | 3 |  3.9
Dodging        | 3 |  3.9
Stealth        | 3 |  3.7
Fighting       | 5 |  5.4
Ranged Weapons | 7 |  7.2

Action                     |  1- 3 |  4- 6 |  7- 9 || total
---------------------------+-------+-------+-------++-------
   Fire: Sling             |    67 |   176 |    52 ||   295
  Throw: Dart              |       |     2 |       ||     2
   Cast: Slow              |       |     1 |       ||     1
 Invoke: Heal Other        |       |     2 |       ||     2
    Use: Scroll            |       |     5 |     1 ||     6
 Armour: Robe              |    21 |    79 |    17 ||   117
  Dodge: Dodged            |    25 |    81 |    10 ||   116

Table legend: (Time is in decaauts)
 A = Elapsed time spent in this place.
 B = Non-inter-level travel time spent in this place.
 C = Inter-level travel time spent in this place.
 D = Time resting spent in this place.
 E = Time spent auto-exploring this place.
 F = Levels seen in this place.
 G = Mean time per level.
                   A        B        C        D        E       F      G
               +--------+--------+--------+--------+--------+-----+--------+
         Total |   2677 |   2591 |     86 |    458 |   1523 |   4 |  669.2 |
       Dungeon |   2677 |   2591 |     86 |    458 |   1523 |   4 |  669.2 |
               +--------+--------+--------+--------+--------+-----+--------+

Top non-repeatable levels by time:
     D:2: 835 daAuts
     D:3: 712 daAuts
     D:1: 623 daAuts
     D:4: 505 daAuts
